 Dungeon Crawl Stone Soup version 0.28-a0-1227-ga9037bb4c8 (webtiles) character file.

Game seed: 12058396506808059176

9 Adrian566 the Ducker (level 2, -1/21 HPs)
             Began as an Octopode Fighter on Dec 22, 2021.
             Slain by a ball python (3 damage)
             ... on level 1 of the Dungeon.
             The game lasted 00:00:26 (36 turns).

Adrian566 the Ducker (Octopode Fighter)               Turns: 36, Time: 00:00:26

Health: -1/21      AC:  1    Str: 15    XL:     2   Next: 16%
Magic:  2/2        EV: 13    Int: 10    God:
Gold:   0          SH:  4    Dex: 11    Spells: 1/1 levels left

rFire   . . .      SeeInvis .   a - +0 long sword
rCold   . . .      Faith    .   b - +0 buckler
rNeg    . . .      Spirit   .   (helmet restricted)
rPois   .          Reflect  .   (no amulet)
rElec   .          Harm     .   (no ring)
rCorr   .          Rampage  .   (no ring)
Will    .....                   (no ring)
Stlth   ++........              (no ring)
HPRegen 0.07/turn               (no ring)
MPRegen 0.08/turn               (no ring)
                                (no ring)
                                (no ring)

@: no status effects
A: almost no armour, amphibious, 8 rings, camouflage 1, gelatinous body 1,
(nimble swimmer 1), tentacles
a: no special abilities


You were on level 1 of the Dungeon.
You visited 1 branch of the dungeon, and saw 1 of its levels.

Inventory:

Hand Weapons
 a - a +0 long sword (weapon)
Armour
 b - a +0 buckler (worn)
Potions
 c - a potion of might


   Skills:
 + Level 3.1 Fighting
 * Level 2.1 Long Blades
 + Level 3.2 Dodging
 + Level 3.1 Shields


You had one spell level left.
You didn't know any spells.
Your spell library was empty.

Dungeon Overview and Level Annotations

Branches:
Dungeon (1/15)

Altars:


Innate Abilities, Weirdness & Mutations

You cannot wear most types of armour.
You are amphibious.
You can wear up to eight rings at the same time.
Your skin changes colour to match your surroundings (Stealth+).
Your rubbery body absorbs attacks. (AC +1, EV +1)
((You are camouflaged when in or above water. (Stealth+)))
You have tentacles for arms and can constrict up to eight enemies at once.


Message History

A gnoll comes into view. It is wielding a +0 whip.
A quokka comes into view.
Found a hunting sling and a yellow potion.
The gnoll shouts!
You hear an angry hiss.
A bat comes into view.
A goblin comes into view. It is wielding a +0 club.
Found a scroll labelled XEV EHACZEX.
A ball python comes into view.
You hit the gnoll. Your grab misses the gnoll.
The gnoll is moderately wounded.
You block the bat's attack. The gnoll closely misses you.
You hit the gnoll. Your grab misses the gnoll.
The gnoll is severely wounded.
You block the bat's attack. The bat hits you. You block the bat's attack.
The gnoll hits you with a +0 whip.
You hit the gnoll.
You kill the gnoll!
The bat barely misses you. The goblin hits you with a +0 club.
The giant cockroach misses you.
The ball python bites you but does no damage.
The ball python grabs you. The ball python constricts you.
You have reached level 2!
You escape the ball python's grasp.
The goblin barely misses you. You block the bat's attack.
Things that are here:
a +0 whip; a gnoll corpse
Found a stone staircase leading down.
The bat barely misses you. You block the bat's attack.
The goblin hits you with a +0 club.
* * * LOW HITPOINT WARNING * * *
The bat barely misses you. The goblin hits you but does no damage.
The bat hits you.
* * * LOW HITPOINT WARNING * * *
The bat hits you.
* * * LOW HITPOINT WARNING * * *
The bat barely misses you.
A ball python comes into view.
The bat hits you.
* * * LOW HITPOINT WARNING * * *
The ball python bites you.
You die...

.# .## #S# ..# .. ≈.#
.. ..#### #. .....##
#. ..##..# #.##
#...#.# #..# ≈.#.#.###
#@## ≈≈#.....##
#####Sb#
#≈≈.###..###...B..#.
#...# #...##...g....#
..### #....)......###
..##......#.........#
≈..#.####.#...........
≈#.# ).#.##....#### .#
?r$#.....###


You could see a giant cockroach, a goblin, a bat and 2 ball pythons.

Vanquished Creatures
  A gnoll (D:1)
1 creature vanquished.

Notes
Turn   | Place    | Note
-------+----------+-------------------------------------------
     0 | D:1      | Adrian566 the Octopode Fighter began the quest for the Orb.
     0 | D:1      | Reached XP level 1. HP: 16/16 MP: 1/1
    29 | D:1      | Reached XP level 2. HP: 7/21 MP: 2/2
    36 | D:1      | Slain by a ball python

Illustrated notes

Levels and vault maps discovered:
D:1:      denvon_arrival_waterhouse, layout_rooms,
          hellmonk_ecumenical_altar_blasted, minmay_tetromino_i4

Action                   || total
-------------------------++-------
Melee: Long sword        ||     3
Armor: Skin              ||     2
Dodge: Dodged            ||     7
Block: Buckler           ||     5

Table legend: (Time is in decaauts)
 A = Elapsed time spent in this place.
 B = Non-inter-level travel time spent in this place.
 C = Inter-level travel time spent in this place.
 D = Time resting spent in this place.
 E = Time spent auto-exploring this place.
 F = Levels seen in this place.
 G = Mean time per level.
                   A        B        C        D        E       F      G
               +--------+--------+--------+--------+--------+-----+--------+
         Total |     37 |     37 |      0 |      0 |     22 |   1 |   37.0 |
       Dungeon |     37 |     37 |      0 |      0 |     22 |   1 |   37.0 |
               +--------+--------+--------+--------+--------+-----+--------+

Top non-repeatable levels by time:
     D:1: 37 daAuts
